 Dungeon Crawl Stone Soup version 0.29-a0-542-g075992c915 (webtiles) character file.

Game seed: 16651901245061339395

14 Flugkiller the Skirmisher (level 2, -3/27 HPs)
             Began as a Meteoran Chaos Knight on June 3, 2022.
             Was a Plaything of Xom.
             Slain by a gnoll
             ... wielding a +0 spear
              (10 damage)
             ... on level 2 of the Dungeon.
             The game lasted 00:00:35 (160 turns).

Flugkiller the Skirmisher (Meteoran Chaos Knight)    Turns: 160, Time: 00:00:35

Health: -3/27      AC:  5    Str: 13    XL:     2   Next: 82%
Magic:  3/3        EV: 11    Int: 13    God:    Xom [.....*]
Gold:   52         SH:  0    Dex: 13    Spells: 1/1 levels left

rFire   . . .      SeeInvis .   a - +0 hand axe (chaos)
rCold   . . .      Faith    .   (no shield)
rNeg    . . .      Spirit   .   b - +2 leather armour
rPois   .          Reflect  .   (no helmet)
rElec   .          Harm     .   (no cloak)
rCorr   .          Rampage  .   (no gloves)
Will    .....                   (no boots)
Stlth   +.........              (no amulet)
HPRegen 0.09/turn               (no ring)
MPRegen 0.08/turn               (no ring)

@: glowing
A: sense surroundings 1, otherworldly, glowing, explore regen
a: Renounce Religion


You were on level 2 of the Dungeon.
You worshipped Xom.
You were Xom's teddy bear.
You visited 1 branch of the dungeon, and saw 2 of its levels.

You collected 52 gold pieces.

Inventory:

Hand Weapons
 a - a +0 hand axe of chaos (weapon)
Armour
 b - a +2 leather armour (worn)
Scrolls
 e - a scroll of enchant armour {unknown}
Potions
 d - a potion of mutation {unknown}
 f - a potion of curing {unknown}
Miscellaneous
 c - a piece from Xom's chessboard (15/15) (quivered)


   Skills:
 + Level 4.2 Fighting
 - Level 3.6 Axes
 - Level 2.4 Armour
 - Level 1.2 Dodging


You had one spell level left.
You didn't know any spells.
Your spell library was empty.

Dungeon Overview and Level Annotations

Branches:
Dungeon (2/15)

Altars:


Innate Abilities, Weirdness & Mutations

You passively map a small area around you.
You are easily found by Zot.
You glow in the dark.
You regain HP and MP as you explore.


Message History

You kill the goblin!
You now have 6 gold pieces.
Found 8 gold pieces.
Found 15 gold pieces.
Found 16 gold pieces.
Found a stone staircase leading down.
An endoplasm and a rat come into view.
Found 7 gold pieces.
The endoplasm quivers.
Found 11 gold pieces.
Found a stone staircase leading down.
Found a bubbling grey potion.
The endoplasm closely misses you.
You see here 8 gold pieces.
You hit the endoplasm but do no damage. "Go forth and destroy!"
You feel very mighty all of a sudden. The endoplasm barely misses you.
You slash the endoplasm!
You kill the endoplasm!
You slash the rat! You freeze the rat.
You kill the rat!
Your Fighting skill increases to level 4!
No target in view!
No target in view!
You now have 14 gold pieces (gained 8).
You now have 29 gold pieces (gained 15).
You now have 45 gold pieces (gained 16).
A giant cockroach comes into view.
You now have 52 gold pieces (gained 7).
You see here a bubbling grey potion.
d - a bubbling grey potion You slash the giant cockroach!
You kill the giant cockroach!
No target in view!
No target in view!
A frilled lizard comes into view.
An endoplasm and a goblin come into view.
The endoplasm quivers.
The frilled lizard bites you.
You completely miss the frilled lizard.
The frilled lizard completely misses you.
You slash the frilled lizard!
You kill the frilled lizard!
The goblin hits you with a +0 club.
You closely miss the goblin. You hit the endoplasm.
The goblin completely misses you. The endoplasm freezes you.
You are frozen.
You slash the endoplasm!
You kill the endoplasm!
You hit the goblin.
You kill the goblin!
No target in view!
There is a stone staircase leading down here.
You climb downwards.
HP restored.
Found a hunting sling.
There is a stone staircase leading up here.
Unknown command.
Found a scroll labelled XAHUNU QYGAIWE.
e - a scroll labelled XAHUNU QYGAIWE
Found a stone staircase leading down.
There is a stone staircase leading down here.
You feel a little less mighty now. Xom grants you insight.
You detect creatures!
You are now Xom's teddy bear.
A gnoll and a ball python come into view.
The gnoll shouts!
The ball python hisses angrily.
The ball python moves out of view.
Found a ruby potion and a ring mail.
The ball python closely misses you. The ball python grabs you.
The ball python constricts you.
The ball python bites you but does no damage.
The ball python constricts you.
You hit the ball python.
You kill the ball python!
A gnoll comes into view. It is wielding a +0 halberd.
A gnoll comes into view. It is wielding a +0 whip.
The gnoll shouts! x2
A gnoll comes into view. It is wielding a +0 halberd.
Found a stone staircase leading up. "The weather's been a little too boring around here."
You see here a ball python corpse.
f - a ruby potion
There are no items here.
There is a stone staircase leading up here.
The gnoll hits you from afar with a +0 spear.
You climb upwards.
There is a stone staircase leading down here.
You climb downwards.
There is a stone staircase leading up here.
The gnoll barely misses you. The gnoll hits you with a +0 spear.
The gnoll shouts!
You hit the gnoll.
The gnoll goes berserk!
Xom thinks this is hilarious!
The gnoll is lightly wounded.
The gnoll hits you with a +0 spear.
The gnoll hits you from afar with a +0 halberd!
* * * LOW HITPOINT WARNING * * *
The gnoll hits you with a +0 spear!
You die...
Xom is highly amused!

, * ** , ,, . , * ##,###
*# , * *###, ... #.# # *
..# ..., ..# # *
#.###.#####.###### * * * *
#####.............#... ,
#.w #.......#######.#.#.##
#.## ...#<..#,..#.....#...
, ##... #.#@#.#
#.#)....#... .....
#[gg..#,#.#..#<.....
*.#.#.##.g...#
#.#..#####.#
.......#.##.#,#.#.........
* + #.#.†.#
...#.#.#####... ,
#...########.#....##.#.
+g#..............>.#.#.
#....######.######.#...
#.#..# #.# #.###.


You could see 4 gnolls.

Vanquished Creatures
  3 endoplasms (D:1)
  A giant cockroach (D:1)
  4 goblins (D:1)
  3 ball pythons
  2 frilled lizards (D:1)
  A rat (D:1)
14 creatures vanquished.

Notes
Turn   | Place    | Note
-------+----------+-------------------------------------------
     0 | D:1      | Flugkiller the Meteoran Chaos Knight began the quest for
                  | the Orb.
     0 | D:1      | Reached XP level 1. HP: 19/19 MP: 2/2
    31 | D:1      | Reached XP level 2. HP: 21/27 MP: 3/3
    51 | D:1      | XOM: potion effect (might)
    53 | D:1      | Reached skill level 4 in Fighting
   138 | D:2      | XOM: divination: detect creatures
   148 | D:2      | XOM: fog
   160 | D:2      | Slain by a gnoll

Illustrated notes

Levels and vault maps discovered:
D:1:      amcnicky_arrival_feature_with_door, layout_rooms
D:2:      layout_basic, shapermc_ecumenical_altar_flowoftime, corexii_shack,
          minmay_misc_feat_doors, minmay_misc_feat_secret_circle,
          minmay_rat_gold_closets

Skill      XL: |  1  2 |
---------------+-------+-----
Fighting       | 4 |  4.2
Axes           | |  3.6
Armour         | |  2.4
Dodging        | |  1.2

Action                   || total
-------------------------++-------
Melee: Hand axe          ||    22
 Stab: Paralysed         ||     1
Armor: Leather armour    ||     9
Dodge: Dodged            ||    16

Table legend: (Time is in decaauts)
 A = Elapsed time spent in this place.
 B = Non-inter-level travel time spent in this place.
 C = Inter-level travel time spent in this place.
 D = Time resting spent in this place.
 E = Time spent auto-exploring this place.
 F = Levels seen in this place.
 G = Mean time per level.
                   A        B        C        D        E       F      G
               +--------+--------+--------+--------+--------+-----+--------+
         Total |    163 |    163 |      0 |      0 |      0 |   2 |   81.5 |
       Dungeon |    163 |    163 |      0 |      0 |      0 |   2 |   81.5 |
               +--------+--------+--------+--------+--------+-----+--------+

Top non-repeatable levels by time:
     D:1: 98 daAuts
     D:2: 64 daAuts
